 Dungeon Crawl Stone Soup version 0.30-a0-840-ga523dec638 (webtiles) character file.

Game seed: 5843186591628571712

1106 zenocrate the Changer (level 8, -2/52 (57) HPs)
             Began as an Octopode Transmuter on Mar 2, 2023.
             Was a Follower of Elyvilon.
             Slain by a wight
             ... wielding a +3 trident
              (5 damage)
             ... on level 6 of the Dungeon.
             The game lasted 00:06:22 (5527 turns).

zenocrate the Changer (Octopode Transmuter)         Turns: 5527, Time: 00:06:22

HP:   -2/52 (57)    AC:  7    Str: 10    XL:     8   Next: 33%
MP:   5/11          EV: 10    Int: 17    God:    Elyvilon [*.....]
Gold: 70            SH:  0    Dex: 12    Spells: 4/11 levels left

rFire   x . .      SeeInvis .      - Unarmed
rCold   + + +      Faith    .    (shield currently unavailable)
rNeg    . . .      Spirit   .    (helmet currently unavailable)
rPois   +          Reflect  .    (no amulet)
rElec   .          Harm     .    (no ring)
rCorr   .          Rampage  .    (no ring)
Will    .....                    (no ring)
Stlth   ++                       (no ring)
HPRegen 0.28/turn                (no ring)
MPRegen 0.12/turn                (no ring)
                                 (no ring)
                                 (no ring)

@: ice-form, wereblooded, drained
A: freezing attack, boosted hp, almost no armour, amphibious, 8 rings, large,
(camouflage 1), (gelatinous body 1), (nimble swimmer 1), (tentacles)
a: End Transformation, Renounce Religion, Purification


You were on level 6 of the Dungeon.
You worshipped Elyvilon.
Elyvilon was aware of your devotion.
You were a creature of crystalline ice.
You visited 2 branches of the dungeon, and saw 7 of its levels.

You collected 316 gold pieces.
You spent 246 gold pieces at shops.

Inventory:

Missiles
 h - 11 poisoned darts (quivered)
 i - 4 boomerangs
Wands
 a - a wand of roots (3)
 p - a wand of mindburst (12)
 s - a wand of flame (21)
Scrolls
 b - 2 scrolls of blinking
 c - 2 scrolls of vulnerability
 e - a scroll of fear
 j - a scroll of fog
 k - 3 scrolls of teleportation
 r - a scroll of silence
 v - a scroll of acquirement {unknown}
Potions
 d - 2 potions of resistance
 g - a potion of mutation
 l - 2 potions of might
 m - 3 potions of curing
 n - a potion of brilliance
 o - 2 potions of attraction
 q - a potion of cancellation {unknown}
 t - 2 potions of magic
 u - 2 potions of flight {unknown}


   Skills:
 - Level 1.0 Fighting
 - Level 2.0 Dodging
 - Level 1.4 Stealth
 + Level 5.8 Unarmed Combat
 - Level 2.0 Spellcasting
 + Level 6.9 Transmutations
 - Level 4.2 Ice Magic


You had 4 spell levels left.
You knew the following spells:

 Your Spells              Type           Power      Damage    Failure   Level
a - Wereblood             Tmut           25%        N/A       1%          2
b - Beastly Appendage     Tmut           50%        N/A       1%          1
c - Ice Form              Ice/Tmut       20%        N/A       19%         4

Your spell library contained the following spells:

 Spells                   Type           Power      Damage    Failure   Level
 Spider Form              Tmut/Pois      13%        N/A       14%         3
 Apportation              Tloc           2%         N/A       19%         1
 Necrotise                Necr           4%         1d4       19%         1
 Summon Small Mammal      Summ           4%         N/A       19%         1


Dungeon Overview and Level Annotations

Branches:
Dungeon (6/15)             Temple (1/1) D:5

Altars:
Dithmenos
Elyvilon
Gozag
Hepliaklqana
Nemelex Xobeh
Okawaru
Qazlal
Sif Muna
Trog
Uskayaw
Vehumet
Xom
Yredelemnul
Zin

Shops:
D:5 ?


Innate Abilities, Weirdness & Mutations

You are a creature of crystalline ice.
You have a powerful freezing melee attack.
Your maximum health is increased.
Your armour is entirely melded.
You are incapable of wielding weapons or throwing items.
You cannot wear most types of armour.
You are amphibious.
You can wear up to eight rings at the same time.
((Your skin changes colour to match your surroundings (Stealth+).))
((Your rubbery body absorbs attacks. (AC +1, EV +1)))
((You are camouflaged when in or above water. (Stealth+)))
((You have tentacles for arms and can constrict up to eight enemies at once.))


Message History

You barely miss the wight.
The wight is lightly damaged.
You barely miss the wight. You barely miss the wight.
The wight barely misses you.
You hit the wight.
The wight is moderately damaged.
The wight closely misses you.
You hit the wight.
The wight is severely damaged.
The wight closely misses you.
You punch the wight!
You feel a bit better.
You destroy the wight!
You hit the wight.
The wight is lightly damaged.
The wight hits you with a +4 scimitar.
You feel drained. The wight hits you but does no damage.
You punch the wight! You freeze the wight.
The wight is severely damaged.
The wight closely misses you. The wight barely misses you.
The wight hits you from afar with a +3 trident!
You barely miss the wight.
The wight is severely damaged.
The wight hits you with a +3 flail! The wight hits you with a +4 scimitar.
The wight hits you from afar with a +3 trident.
You completely miss the wight.
The wight is severely damaged.
You barely miss the wight.
The wight is severely damaged.
The wight hits you with a +3 flail!
* * * LOW HITPOINT WARNING * * *
The wight barely misses you.
The wight hits you from afar with a +3 trident.
* * * LOW HITPOINT WARNING * * *
You feel much better. The wight closely misses you.
The wight hits you with a +4 scimitar!
* * * LOW HITPOINT WARNING * * *
You feel drained.
* * * LOW HITPOINT WARNING * * *
The wight hits you from afar with a +3 trident.
You die...

### #.. ##
#z#######. ...
#.Yzzz....
#.#.##.#######. #
#.........###....
##...............
#..##...####....
###..##...........
..........#####.#
##...##<..# #..
#........


You could see 4 wights.

Vanquished Creatures
  The ghost of Airmonger the Magician, an amateur DjCj (D:5)
  2 ogres (D:4)
  A necrophage (D:4)
  A wight (D:6)
  A jelly (D:5)
  7 hounds
  3 iguanas
  Natasha (thrice) (D:2)
  2 orc wizards
  Robin (D:2)
  8 adders
  A worm (D:2)
  5 dart slugs
  7 orcs
  9 ball pythons
  4 endoplasms
  6 giant cockroaches
  11 goblins
  11 hobgoblins
  2 jackals (D:3)
  3 quokkas
  6 bats
  4 frilled lizards
  8 kobolds
  6 rats
113 creatures vanquished.

Vanquished Creatures (others)
  An orc wizard (D:5)
1 creature vanquished.

Grand Total: 114 creatures vanquished

Notes
Turn   | Place    | Note
-------+----------+-------------------------------------------
     0 | D:1      | zenocrate the Octopode Transmuter began the quest for the
                  | Orb.
     0 | D:1      | Reached XP level 1. HP: 13/13 MP: 3/3
   134 | D:1      | Reached XP level 2. HP: 7/18 MP: 3/5
   144 | D:1      | Learned a level 2 spell: Wereblood
   209 | D:1      | Reached skill level 1 in Stealth
   324 | D:1      | Reached XP level 3. HP: 22/23 MP: 3/6
   396 | D:1      | Reached skill level 1 in Ice Magic
   718 | D:2      | Noticed Robin
   732 | D:2      | Killed Robin
   733 | D:2      | Reached skill level 3 in Transmutations
   766 | D:2      | Reached XP level 4. HP: 25/28 MP: 1/7
   776 | D:2      | Learned a level 4 spell: Ice Form
   923 | D:2      | Noticed Natasha
   937 | D:2      | Killed Natasha
  1219 | D:2      | Noticed Natasha
  1230 | D:2      | Killed Natasha
  1231 | D:2      | Reached XP level 5. HP: 7/33 MP: 4/8
  1570 | D:2      | Noticed Natasha
  1577 | D:2      | Killed Natasha
  2097 | D:3      | Found an iron altar of Okawaru.
  2324 | D:3      | Found a glowing silver altar of Zin.
  2396 | D:3      | Found a stormy altar of Qazlal.
  2396 | D:3      | Found a white marble altar of Elyvilon.
  2396 | D:3      | Found a shimmering altar of Xom.
  2507 | D:3      | Reached skill level 4 in Transmutations
  2598 | D:3      | Found a basalt altar of Yredelemnul.
  2679 | D:4      | Noticed an ogre
  2682 | D:4      | Killed an ogre
  2683 | D:4      | Reached XP level 6. HP: 38/38 MP: 9/9
  3433 | D:4      | Reached skill level 5 in Transmutations
  3466 | D:4      | Reached XP level 7. HP: 43/43 MP: 6/10
  3980 | D:4      | Found a shimmering blue altar of Sif Muna.
  4096 | D:5      | Entered Level 5 of the Dungeon
  4096 | D:5      | Found Baerch's Magic Scroll Shoppe.
  4099 | D:5      | Bought a scroll of fog for 48 gold pieces
  4099 | D:5      | Bought a scroll of identify for 24 gold pieces
  4099 | D:5      | Bought a scroll of identify for 24 gold pieces
  4099 | D:5      | Bought a scroll of silence for 114 gold pieces
  4099 | D:5      | Bought a scroll of teleportation for 36 gold pieces
  4134 | D:5      | Noticed Airmonger's ghost (amateur DjCj)
  4135 | D:5      | Found a runed translucent door.
  4149 | D:5      | Found a staircase to the Ecumenical Temple.
  4186 | Temple   | Entered the Ecumenical Temple
  4402 | D:3      | Became a worshipper of Elyvilon the Healer
  4587 | D:5      | Reached skill level 5 in Unarmed Combat
  4719 | D:5      | Reached skill level 6 in Transmutations
  4859 | D:5      | Killed Airmonger's ghost
  4860 | D:5      | Reached XP level 8. HP: 48/48 MP: 7/11
  5209 | D:5      | Reached * piety under Elyvilon
  5527 | D:6      | Slain by a wight

Illustrated notes

Levels and vault maps discovered:
D:1:      dpeg_arrival_signposts, layout_rooms
D:2:      layout_loops_ring, minmay_bisected, uniq_natasha, uniq_robin
D:3:      layout_rooms, yredelemnul_altar_generic,
          chequers_temple_overflow_statue_of_worship,
          mainiacjoe_overflow_small_starburst, zin_scriptorium
D:4:      layout_loops_corners, kennysheep_orc_sif_temple
D:5:      layout_loops_ring, minmay_temple_entry_statues_pillars,
          hellmonk_ghost_happy_afterlife, serial_shops, nicolae_stop_n_shop_2,
          kennysheep_big_empty_room
D:6:      layout_loops_ring
Temple:   nicolae_temple_bog_church

Skill      XL: |  1  2  3  4  5  6  7 |
---------------+----------------------+-----
Stealth        | 1 |  1.4
Ice Magic      | 1 2 3 4 |  4.2
Transmutations | 3 4 5 6 |  6.9
Unarmed Combat | 4 5 |  5.8
Fighting       | |  1.0
Dodging        | |  2.0
Spellcasting   | |  2.0

Action                     |  1- 3 |  4- 6 |  7- 9 || total
---------------------------+-------+-------+-------++-------
  Melee: Unarmed           |    70 |    98 |    98 ||   266
         Constrict         |    22 |    27 |    17 ||    66
         Kick              |    16 |    28 |    19 ||    63
         Tentacles         |    10 |    20 |    16 ||    46
         Punch             |       |     2 |     8 ||    10
  Throw: Dart              |       |     1 |     4 ||     5
   Cast: Beastly Appendage |    10 |    30 |    13 ||    53
         Wereblood         |     9 |    30 |    16 ||    55
         Ice Form          |       |       |     3 ||     3
  Evoke: Wand              |       |     3 |       ||     3
    Use: Potion            |     1 |       |     1 ||     2
         Scroll            |       |    12 |     2 ||    14
   Stab: Sleeping          |     2 |     5 |     4 ||    11
 Armour: Skin              |    12 |     6 |     9 ||    27
  Dodge: Dodged            |    48 |    42 |    51 ||   141

Table legend: (Time is in decaauts)
 A = Elapsed time spent in this place.
 B = Non-inter-level travel time spent in this place.
 C = Inter-level travel time spent in this place.
 D = Time resting spent in this place.
 E = Time spent auto-exploring this place.
 F = Levels seen in this place.
 G = Mean time per level.
                   A        B        C        D        E       F      G
               +--------+--------+--------+--------+--------+-----+--------+
         Total |   5515 |   5187 |    328 |     84 |   4272 |   7 |  787.9 |
       Dungeon |   5350 |   5034 |    316 |     84 |   4125 |   6 |  891.7 |
        Temple |    165 |    153 |     12 |      0 |    147 |   1 |  165.0 |
               +--------+--------+--------+--------+--------+-----+--------+

Top non-repeatable levels by time:
     D:4: 1445 daAuts
     D:2: 1259 daAuts
     D:5: 1152 daAuts
     D:1: 784 daAuts
     D:3: 684 daAuts
  Temple: 165 daAuts
     D:6: 24 daAuts
